 Dungeon Crawl Stone Soup version 0.28.0-43-g3370ac3207 (webtiles) character file.

Game seed: 16207264587799186909

355 Arcadio the Skirmisher (level 6, 0/52 HPs)
             Began as a Palentonga Fighter on Mar 24, 2022.
             Succumbed to a scorpion's poison
             ... on level 5 of the Dungeon.
             The game lasted 00:13:16 (5426 turns).

Arcadio the Skirmisher (Palentonga Fighter)         Turns: 5426, Time: 00:13:17

Health: 0/52       AC: 10    Str: 21    XL:     6   Next: 36%
Magic:  6/6        EV:  7    Int:  9    God:
Gold:   163        SH:  4    Dex:  9    Spells: 5/5 levels left

rFire   . . .      SeeInvis +   d - +2 whip (flame)
rCold   . . .      Faith    .   c - +0 buckler
rNeg    . . .      Spirit   .   b - +1 scale mail
rPois   .          Reflect  .   m - +0 helmet
rElec   .          Harm     .   (no cloak)
rCorr   .          Rampage  .   n - +0 pair of gloves
Will    .....                   (no barding)
Stlth   ..........              (no amulet)
HPRegen 0.17/turn               (no ring)
MPRegen 0.10/turn               (no ring)

@: lethally poisoned (0 -> -3)
A: large, rugged brown scales 3, see invisible, deformed body, roll 1, armoured
tail
a: Rolling Charge


You were on level 5 of the Dungeon.
You visited 1 branch of the dungeon, and saw 6 of its levels.

You collected 163 gold pieces.

Inventory:

Hand Weapons
 a - a +0 flail
 d - a +2 whip of flaming (weapon)
 k - a +3 spectral club
Armour
 b - a +1 scale mail (worn)
 c - a +0 buckler (worn)
 m - a +0 helmet (worn)
 n - a +0 pair of gloves (worn)
Jewellery
 p - a ring of ice
Wands
 e - a wand of polymorph (3)
 i - a wand of flame (7)
Scrolls
 f - a scroll of fog
 o - a scroll of torment {unknown}
 q - 2 scrolls of identify {unknown}
 r - 3 scrolls of enchant armour
Potions
 g - 4 potions of curing {unknown}
 h - 2 potions of magic {unknown}
 j - a potion of brilliance {unknown}
 l - a potion of attraction {unknown}
 s - a potion of resistance {unknown}
 t - 2 potions of mutation {unknown}


   Skills:
 + Level 4.5 Fighting
 + Level 3.6 Maces & Flails
 + Level 3.6 Armour
 + Level 3.6 Shields


You had 5 spell levels left.
You didn't know any spells.
Your spell library was empty.

Dungeon Overview and Level Annotations

Branches:
Dungeon (6/15)
 Temple: D:4-7

Altars:
Makhleb
Nemelex Xobeh
Trog
Wu Jian
Xom

Annotations:
D:4 Dowan, Duvessa
D:5 Blork the orc


Innate Abilities, Weirdness & Mutations

You are completely covered in rugged brown scales. (AC +3, +7% HP)
You have supernaturally acute eyesight. (SInv)
Armour fits poorly on your strangely shaped body.
You can roll at nearby foes to attack.
You have a long armoured tail.


Message History

You hit the scorpion. You burn the scorpion.
The scorpion is lightly wounded.
You feel very sick. The scorpion stings you!
You are more poisoned.
The scorpion poisons you!
You hit the scorpion. You burn the scorpion.
The scorpion is heavily wounded.
You feel very sick. The scorpion barely misses you.
You hit the scorpion but do no damage.
The scorpion is heavily wounded.
You feel very sick. You block the scorpion's attack.
You closely miss the scorpion.
Your tail-slap misses the scorpion.
The scorpion is heavily wounded.
You feel very sick.
The scorpion stings you but does no damage.
The scorpion stings you.
* * * LOW HITPOINT WARNING * * *
You closely miss the scorpion. You tail-slap the scorpion.
The scorpion is severely wounded.
You feel sick. The scorpion barely misses you.
You hit the scorpion. You burn the scorpion.
The scorpion is almost dead.
You feel sick. You block the scorpion's attack.
You hit the scorpion but do no damage.
Your tail-slap misses the scorpion.
The scorpion is almost dead.
You feel sick. The scorpion barely misses you.
You hit the scorpion but do no damage.
The scorpion is almost dead.
You feel sick. The scorpion stings you!
* * * LOW HITPOINT WARNING * * *
You barely miss the scorpion.
Your tail-slap misses the scorpion.
The scorpion is almost dead.
* * * LOW HITPOINT WARNING * * *
You feel sick. You block the scorpion's attack.
You barely miss the scorpion.
The scorpion is almost dead.
You die...

........'..........##.#
.......##....########.#
..[....##....# #....#
.......##....# #.####
.......##....# ##'######
.......##....# #.......#
.......##....# #.......#
#............####.......#
#....)....# #.@.......#
#.........# #.s.......#
#.........# #.).......#
.............>.......####
..........##...###...#
..........##..# ##..#
...###+######. ...# ####
## ..# .##


You could see a scorpion.

Vanquished Creatures
  A black bear (D:3)
  An ice beast (D:5)
  A jelly (D:5)
  Robin (D:3)
  5 adders
  2 ufetubi (D:5)
  3 dart slugs
  5 orcs
  6 endoplasms
  5 giant cockroaches
  15 goblins
  5 hobgoblins
  3 quokkas
  3 ball pythons
  4 bats
  2 frilled lizards
  A kobold (D:3)
  A quokka skeleton (D:4)
  7 rats
71 creatures vanquished.

Notes
Turn   | Place    | Note
-------+----------+-------------------------------------------
     0 | D:1      | Arcadio the Palentonga Fighter began the quest for the Orb.
     0 | D:1      | Reached XP level 1. HP: 19/19 MP: 1/1
   478 | D:1      | Reached XP level 2. HP: 25/25 MP: 2/2
   644 | D:1      | Found a faded altar of an unknown god.
  1327 | D:2      | Found a shimmering altar of Xom.
  1669 | D:2      | Reached XP level 3. HP: 31/31 MP: 3/3
  1920 | D:3      | Noticed Robin
  2926 | D:3      | Killed Robin
  3417 | D:1      | Reached XP level 4. HP: 21/38 MP: 4/4
  3997 | D:3      | Found a bloodstained altar of Trog.
  4312 | D:3      | Found a sparkling altar of Nemelex Xobeh.
  4319 | D:3      | Found an ornate altar of the Wu Jian Council.
  4330 | D:3      | Found a burning altar of Makhleb.
  4504 | D:4      | Noticed a scorpion
  4661 | D:4      | Noticed Duvessa
  4662 | D:4      | Noticed Dowan
  4921 | D:4      | Noticed an ogre
  4933 | D:4      | Noticed a black bear
  4940 | D:3      | Killed a black bear
  4941 | D:3      | Reached skill level 4 in Fighting
  4941 | D:3      | Reached XP level 5. HP: 38/44 MP: 5/5
  5026 | D:5      | Entered Level 5 of the Dungeon
  5092 | D:5      | Noticed Blork the orc
  5092 | D:5      | Noticed an ice beast
  5161 | D:5      | Noticed an ice beast
  5173 | D:5      | Killed an ice beast
  5174 | D:5      | Reached XP level 6. HP: 45/52 MP: 6/6
  5424 | D:5      | HP: 2/52 [scorpion (7)]
  5426 | D:5      | Succumbed to a scorpion's poison

Illustrated notes

Levels and vault maps discovered:
D:1:      lemuel_arrival_room, layout_loops_corners,
          shapermc_ecumenical_altar_notcrosses, minmay_unequal
D:2:      layout_loops_ring, basic_altar
D:3:      layout_basic, general_overflow_altar, minitemple, uniq_robin
D:4:      layout_cave_pods, uniq_duvessa
D:5:      layout_basic, zin_purify, uniq_blork_the_orc
D:6:      layout_loops_corners, mainiacjoe_overflow_cross_hatched, minmay_bent,
          uniq_maggie

Skill      XL: |  1  2  3  4 |
---------------+-------------+-----
Shields        | 3 |  3.6
Armour         | 3 |  3.6
Maces & Flails | 3 |  3.6
Fighting       | 4 |  4.5

Action                   |  1- 3 |  4- 6 || total
-------------------------+-------+-------++-------
Melee: Flail             |   128 |    67 ||   195
       Tailslap          |    10 |    10 ||    20
       Whip              |       |    38 ||    38
 Abil: Rolling Charge    |       |     5 ||     5
  Use: Scroll            |     4 |       ||     4
       Potion            |       |     1 ||     1
Armor: Scale mail        |   120 |    70 ||   190
Dodge: Dodged            |    66 |    45 ||   111
Block: Buckler           |    38 |    23 ||    61
